 Dungeon Crawl Stone Soup version 0.30-a0-760-g5a9884bb7c (webtiles) character file.

Game seed: 11605551595663633149

220 lunkers the Cutter (level 6, -1/51 HPs)
             Began as a Meteoran Fighter on Feb 10, 2023.
             Slain by an iguana (6 damage)
             ... on level 4 of the Dungeon.
             The game lasted 00:03:15 (1795 turns).

lunkers the Cutter (Meteoran Fighter)               Turns: 1795, Time: 00:03:15

Health: -1/51      AC:  8    Str: 18    XL:     6   Next: 42%
Magic:  7/7        EV:  9    Int:  9    God:
Gold:   105        SH:  5    Dex: 16    Spells: 5/5 levels left

rFire   . . .      SeeInvis .    h - +0 dagger (speed)
rCold   . . .      Faith    .    c - +0 buckler
rNeg    . . .      Spirit   .    b - +0 scale mail
rPois   .          Reflect  .    (no helmet)
rElec   .          Harm     .    d - +0 cloak
rCorr   .          Rampage  .    (no gloves)
Will    .....                    (no boots) Stlth
                                 (no amulet)
HPRegen 0.28/turn                (no ring)
MPRegen 0.10/turn                (no ring)

@: glowing
A: sense surroundings 1, otherworldly, glowing, explore regen
a: no special abilities


You were on level 4 of the Dungeon.
You visited 1 branch of the dungeon, and saw 4 of its levels.

You collected 105 gold pieces.

Inventory:

Hand Weapons
 a - a +0 rapier
 h - a +0 dagger of speed (weapon)
Armour
 b - a +0 scale mail (worn)
 c - a +0 buckler (worn)
 d - a +0 cloak (worn)
Scrolls
 f - a scroll of poison {unknown}
 g - a scroll of summoning {unknown}
 i - a scroll of blinking
 k - a scroll of noise {unknown}
 n - 2 scrolls of identify {unknown}
 o - a scroll of silence {unknown}
 p - 2 scrolls of immolation {unknown}
 r - a scroll of fog {unknown}
Potions
 e - a potion of haste {unknown}
 j - a potion of brilliance {unknown}
 l - a potion of mutation {unknown}
 m - a potion of flight {unknown}
 q - a potion of ambrosia {unknown}
 s - a potion of curing {unknown}


   Skills:
 - Level 3.2 Fighting
 + Level 6.6 Short Blades
 - Level 3.6 Armour
 - Level 3.6 Shields


You had 5 spell levels left.
You didn't know any spells.
Your spell library was empty.

Dungeon Overview and Level Annotations

Branches:
Dungeon (4/15) Zot: 768
 Temple: D:4-7

Altars:

Annotations:
D:4 Eustachio


Innate Abilities, Weirdness & Mutations

You passively map a small area around you.
You are easily found by Zot.
You glow in the dark.
You regain HP and MP as you explore.


Message History

The iguana is moderately wounded.
The iguana bites you!
* * * LOW HITPOINT WARNING * * *
The iguana hisses menacingly.
You hit the iguana but do no damage.
The iguana is moderately wounded.
You hit the iguana.
The iguana is heavily wounded.
You hit the iguana but do no damage.
The iguana is heavily wounded.
The iguana bites you.
* * * LOW HITPOINT WARNING * * *
You hit the iguana but do no damage.
The iguana is heavily wounded.
You completely miss the iguana.
The iguana is heavily wounded.
The iguana bites you.
* * * LOW HITPOINT WARNING * * *
You hit the iguana but do no damage.
The iguana is heavily wounded.
You hit the iguana but do no damage.
The iguana is heavily wounded.
You hit the iguana.
The iguana is heavily wounded.
The iguana bites you.
* * * LOW HITPOINT WARNING * * *
You hit the iguana but do no damage.
The iguana is heavily wounded.
You hit the iguana but do no damage.
The iguana is heavily wounded.
The iguana bites you!
* * * LOW HITPOINT WARNING * * *
You hit the iguana but do no damage.
The iguana is heavily wounded.
You hit the iguana but do no damage.
The iguana is heavily wounded.
You barely miss the iguana.
The iguana is heavily wounded.
The iguana bites you.
You die...

...##...# #.......# * ..*
, ##........ ,.# #..,
...........,, ..
...##,... .............
,.###.... ....
.............
..##.###....
....##.......
*#........... ... ,*
,.....####.##......###..#
*
.......l@........##....##
.......##...............#
.......##.....##........#
,
..#.##.#......###........
, .##
#......##.#.#........
#..#......>.......†)...#
#.........#........<#...
..................[.#...
##....................


You could see an iguana.

Vanquished Creatures
  A necrophage (D:3)
  Crazy Yiuf (D:2)
  Ijyb (D:4)
  4 adders
  2 orcs (D:3)
  3 bats
  9 endoplasms
  3 giant cockroaches
  7 goblins
  7 hobgoblins
  8 kobolds
  2 quokkas
  9 ball pythons
  A frilled lizard (D:2)
  10 rats
68 creatures vanquished.

Notes
Turn   | Place    | Note
-------+----------+-------------------------------------------
     0 | D:1      | lunkers the Meteoran Fighter began the quest for the Orb.
     0 | D:1      | Reached XP level 1. HP: 19/19 MP: 2/2
    79 | D:1      | Reached XP level 2. HP: 19/26 MP: 3/3
   170 | D:1      | Reached skill level 3 in Short Blades
   292 | D:1      | Reached XP level 3. HP: 31/31 MP: 4/4
   495 | D:1      | Glimpsed the power of Zot.
   684 | D:2      | Found a runed translucent door.
   685 | D:2      | Noticed Crazy Yiuf
   693 | D:2      | Killed Crazy Yiuf
   694 | D:2      | Reached skill level 4 in Short Blades
   694 | D:2      | Reached XP level 4. HP: 30/38 MP: 5/5
   992 | D:3      | Reached skill level 5 in Short Blades
   992 | D:3      | Reached XP level 5. HP: 36/45 MP: 6/6
  1399 | D:4      | Noticed Ijyb
  1465 | D:4      | Killed Ijyb
  1483 | D:4      | Noticed Eustachio
  1483 | D:4      | Noticed an ogre
  1523 | D:4      | Reached skill level 6 in Short Blades
  1523 | D:4      | Reached XP level 6. HP: 45/51 MP: 7/7
  1795 | D:4      | Slain by an iguana

Illustrated notes

Levels and vault maps discovered:
D:1:      shiori_arrival_elements, layout_loops_cross
D:2:      layout_basic, chequers_avenue, corexii_leaking_fountain,
          uniq_crazy_yiuf_cottage
D:3:      layout_loops_corners, portal_sewer_entry_b
D:4:      layout_cave_pools, nicolae_uskayaw_murder_on_the_dancefloor,
          minmay_temple_entry_glassed_door, uniq_eustachio, uniq_ijyb

Skill      XL: |  1  2  3  4  5 |
---------------+----------------+-----
Short Blades   | 3 4 5 6 |  6.6
Fighting       | |  3.2
Armour         | |  3.6
Shields        | |  3.6

Action                     |  1- 3 |  4- 6 || total
---------------------------+-------+-------++-------
  Melee: Rapier            |    57 |       ||    57
         Dagger            |    31 |   289 ||   320
         Unarmed           |       |    14 ||    14
  Evoke: Wand              |       |     2 ||     2
    Use: Potion            |     1 |       ||     1
         Scroll            |       |     1 ||     1
 Armour: Scale mail        |    31 |    62 ||    93
         Skin              |       |     3 ||     3
  Dodge: Dodged            |    25 |    91 ||   116
  Block: Buckler           |    18 |    32 ||    50

Table legend: (Time is in decaauts)
 A = Elapsed time spent in this place.
 B = Non-inter-level travel time spent in this place.
 C = Inter-level travel time spent in this place.
 D = Time resting spent in this place.
 E = Time spent auto-exploring this place.
 F = Levels seen in this place.
 G = Mean time per level.
                   A        B        C        D        E       F      G
               +--------+--------+--------+--------+--------+-----+--------+
         Total |   1630 |   1555 |     75 |      0 |   1044 |   4 |  407.5 |
       Dungeon |   1630 |   1555 |     75 |      0 |   1044 |   4 |  407.5 |
               +--------+--------+--------+--------+--------+-----+--------+

Top non-repeatable levels by time:
     D:3: 593 daAuts
     D:1: 509 daAuts
     D:2: 301 daAuts
     D:4: 227 daAuts
